[Event "Superbet Blitz Poland 2023"]
[Site "Warsaw"]
[Date "2023.05.24"]
[Round "6"]
[White "So, Wesley"]
[Black "Duda, Jan-Krzysztof"]
[Result "1/2-1/2"]
[ECO "C54"]
[WhiteElo "2760"]
[BlackElo "2724"]
[Annotator "TA"]
[PlyCount "161"]
[EventDate "2023.05.24"]
[EventType "tourn"]
[EventCountry "POL"]
[SourceTitle "playchess.com"]
[Source "ChessBase"]
[SourceQuality "1"]
[TimeControl "300+2"]

1. e4 e5 2. Nf3 Nc6 3. Bc4 Bc5 4. c3 Nf6 5. d3 d6 6. O-O a5 7. Nbd2 O-O 8. h3 h6 9. Bb5 Bd7 10. Re1 Ba7 11. Nf1 Ne7 12. Bxd7 Qxd7 13. Ng3 Rfe8 14. d4 Ng6 15. Be3 a4 16. Qc2 Qc6 17. Rad1 b5 18. Rc1 Bb6 19. Qd3 Rab8 20. Re2 Nf4 21. Bxf4 exf4 22. Nf5 Nxe4 23. Rce1 d5 24. Nd2 $1 g6 (24... a3 {keeps more tension.} 25. Nxe4 dxe4 26. Rxe4 axb2 27. Ne7+ Rxe7 28. Rxe7 Ba5) 25. Nxh6+ Kg7 26. Ng4 f5 27. Ne5 Qd6 28. Nef3 (28. Qxb5 Bxd4 29. Qd7+ Qxd7 30. Nxd7 Bxf2+ 31. Rxf2 Rbd8 32. Rxf4 (32. Nxe4 Rxd7 33. Rd1 Rxe4 $17) 32... Rxd7 $17) 28... c5 29. dxc5 (29. Qxb5 $5 cxd4 30. cxd4 $11) 29... Bxc5 (29... Qxc5 $5 30. Nd4 b4 $15) 30. a3 (30. Nd4 b4 $11) 30... Qb6 31. Nd4 $1 b4 32. axb4 Bxd4 33. cxd4 Qxb4 34. Nf3 Qc4 (34... Qb3 {feels hotter.} 35. Ne5 Rb7 36. Qa6 Rb6) 35. Qd1 (35. Ne5 $5 Qxd3 36. Nxd3 $14) 35... Rec8 36. Ne5 Qb3 37. Qa1 (37. Qd3 $11) 37... Rb4 (37... Rc2 $1 $17 38. Kh2 f3 39. Nxf3 Rb4) 38. Rc1 $11 Rxd4 $1 39. Kh2 Re8 40. Nf3 (40. Rc7+ {is more complex.} Kf6 41. Nd7+ Kg5 42. Qc1) 40... Rc4 41. Rxc4 dxc4 42. Qc1 (42. Nd4 $11 Qb4 43. f3) 42... Rd8 ({Black should try} 42... Qd3 $15 43. Rc2 Rc8) 43. Qxf4 (43. Rc2 $11) 43... Qb8 $1 $15 44. Qxb8 (44. Rxe4 fxe4 45. Ne5 Qc7 46. Qxe4 Rd6 $19) 44... Rxb8 {[%emt 0:00:01][%mdl 4096] Endgame KRN-KRN} 45. Rc2 {[%emt 0:00:02] [#]} c3 $1 {[%emt 0:00:02][%mdl 64] Deflection} 46. bxc3 a3 47. Ra2 Ra8 {[%emt 0:00:02][%mdl 1024] Black has compensation.} ({But not} 47... Nxc3 48. Rxa3 Ne4 49. Ne5 $16) 48. c4 Nc3 49. Ra1 a2 50. Nd4 $1 Ra4 51. Nb5 Ne4 ({Resist} 51... Rxc4 52. Nxc3 Rxc3 53. Rxa2 $14) 52. f3 Nc5 {[%emt 0:00:03] ...Nb3 is the strong threat.} 53. Nc3 Ra3 $1 54. Nxa2 (54. Rxa2 $2 {too greedy.} Rxc3 55. h4 Rxc4 $19) 54... f4 55. h4 Kh6 56. Kh3 Kh5 {[%emt 0:00:01] [#]} (56... Ra4 $11 {keeps the balance.}) 57. Rd1 (57. Re1 $1 $16 g5 58. Re5) 57... Ne6 (57... g5 $14 58. Rd5 Ne4) 58. Nb4 (58. Rd5+ $18 g5 59. Nb4) 58... Rc3 $2 (58... g5 $16) 59. Nd5 Rxc4 60. Nf6+ Kh6 61. Rd7 Ng7 62. Ng4+ Kh7 63. Nf6+ Kh6 64. Rf7 Ra4 65. Ng4+ Kh7 66. Nf6+ Kh6 67. Kg4 Rc4 68. Nd5 {[%emt 0:00:03][%cal Od5e7] Ne7! would be deadly.} Nf5 (68... Rc2 {was necessary.} 69. Nxf4 Nh5) 69. Nxf4 $18 Ne3+ $2 (69... Rd4 70. Rf6 Rd6) 70. Kh3 Nf5 71. g3 (71. g4 $142 Nxh4 72. Ne6 Nxf3 73. Rxf3) 71... Rc3 {[%emt 0:00:02] [#]} 72. Rf6 $2 (72. Nd5 $1 $18 Ra3 73. Nf6) 72... Rxf3 $11 73. Rxg6+ Kh7 74. Rg4 {[%emt 0:00:07] And now Ne6 would win.} Ne3 $1 {[%emt 0:00:03][%cal Of3f1] ( -> ...Rf1!)} 75. Rg5 Rf1 76. Kh2 {[%emt 0:00:02] Against Rh1+. Strongly threatening Nd5.} Rf2+ $1 77. Kh3 (77. Kg1 $5 Rf1+ $8 78. Kh2 Rf2+ 79. Kh3 $11) 77... Rf1 78. Rh5+ (78. Kh2 $5 Rf2+ $8 79. Kh3 Rf1 $11) 78... Kg8 79. Kh2 {[%emt 0:00:01] Inhibits Rh1+. aiming for Nd5.} Rf2+ 80. Kh3 {[%emt 0:00:02] Black must now prevent Rg5+.} (80. Kg1 $5 Rf1+ $8 81. Kh2 Rf2+ 82. Kh3 $11) 80... Rf1 81. Kh2 {[%emt 0:00:02] Against Rh1+} 1/2-1/2

[Event "Superbet Blitz Poland 2023"]
[Site "Warsaw"]
[Date "2023.05.24"]
[Round "6"]
[White "Deac, Bogdan-Daniel"]
[Black "Aronian, Levon"]
[Result "0-1"]
[ECO "C78"]
[WhiteElo "2700"]
[BlackElo "2745"]
[Annotator "TA"]
[PlyCount "102"]
[EventDate "2023.05.24"]
[EventType "tourn"]
[EventCountry "POL"]
[SourceTitle "playchess.com"]
[Source "ChessBase"]
[SourceQuality "1"]
[TimeControl "300+2"]

1. e4 e5 2. Nf3 Nc6 3. Bb5 Nf6 4. d3 Bc5 5. Ba4 O-O 6. O-O Re8 7. Nbd2 a6 8. c3 b5 9. Bb3 d6 10. h3 h6 11. Re1 Be6 {[%emt 0:00:01] C78: Ruy Lopez: Archangelsk and Möller Defences.} 12. Bxe6 Rxe6 13. b4 Bb6 {[%emt 0:00:06] The position is equal.} 14. a4 {[%emt 0:00:01] [#]} Ne7 $146 ({Predecessor:} 14... d5 15. Qc2 d4 16. Nb3 dxc3 17. Qxc3 Qf8 18. axb5 axb5 19. Rxa8 Qxa8 20. Bd2 Qa7 {0-1 Calio,M (2352)-Oen,G (2177) W-Cup21 sf01 email 2017}) 15. Nf1 Ng6 16. Ng3 d5 17. Qc2 Rc8 18. axb5 axb5 19. Be3 Bxe3 20. Rxe3 dxe4 21. dxe4 c5 22. bxc5 Rxc5 23. Qb3 Nf4 24. Ne2 (24. Nf5 $5 ) 24... Qc8 (24... Qc7 $5 ) 25. Ra3 Rec6 (25... Nxe2+ {simplifies} 26. Rxe2 Qc6 27. Qb1 Ne8) 26. Ng3 g6 27. Kh2 Kg7 28. Nf1 Ne8 29. N1d2 Nd6 30. Qb4 (30. Qa2 {simplifies} Qe6 31. Qxe6 Nxe6 32. Ne1) 30... Nc4 31. Nxc4 bxc4 32. Ra7 Nd3 33. Qa3 (33. Qa4 {with more complications.} Rf6 34. Ra8 Qe6 35. Kg1) 33... Qe6 ({Reject} 33... Nxf2 34. Nxe5 Rxe5 35. Rf3 $11) 34. Re2 (34. Nh4 $11 {remains equal.}) 34... Rb6 (34... Qf6 $17 35. Ra8 Rc8 36. Rxc8 Rxc8) 35. Qa1 $2 {[%emt 0:00:02] This move loses the game for White.} ({White should play} 35. Re3 $15 Rcc6 36. Qe7 (36. Ra8 $2 Rd6 $17)) 35... Qf6 $19 36. Kh1 $2 (36. Ng1) 36... Rcb5 {[%emt 0:00:02] [#] ...Rb1+ would be deadly.} 37. Qf1 Rb1 {[%emt 0:00:03] Against Ra1} 38. Ne1 R6b2 39. Rxb2 Rxe1 (39... Rxb2 $2 {too greedy.} 40. Nxd3 cxd3 41. Ra1 $19) 40. Qxe1 Nxe1 41. f3 Qg5 {[%emt 0:00:08] [#] ( -> ...Qc1)} 42. Rba2 h5 43. Rd7 h4 44. Rd1 Nd3 {[%emt 0:00:01] White must now prevent ...Qe3.} 45. Rb1 Qe3 {[%emt 0:00:04] Hoping for ...Ne1.} 46. Kh2 Nf4 47. Rb7 Ne2 48. Ra1 Qf4+ 49. Kh1 Ng3+ (49... Qd2 $142 50. Rbb1 Qxc3 51. Ra2 Qe3 52. Rba1 c3 53. Kh2 Nd4 54. Rf1 c2 55. Raa1 Ne2 56. Rfe1 Qf4+ 57. Kh1 Qd2 58. Rf1 c1=Q 59. Raxc1 Nxc1 60. Kh2 Nd3 61. f4 Nxf4 62. Rxf4 exf4 63. Kh1 Qe1+ 64. Kh2 Qxe4 65. g4 hxg3+ 66. Kg1 f3 67. Kh1 f2#) 50. Kg1 Qd2 51. Rc7 Qxc3 {[%emt 0:00:03] Weighted Error Value: White=0.77/Black=0.29 (precise)} 0-1

[Event "Superbet Blitz Poland 2023"]
[Site "Warsaw"]
[Date "2023.05.24"]
[Round "6"]
[White "Shevchenko, Kirill"]
[Black "Vachier-Lagrave, Maxime"]
[Result "1/2-1/2"]
[ECO "B30"]
[WhiteElo "2684"]
[BlackElo "2742"]
[Annotator "TA"]
[PlyCount "44"]
[EventDate "2023.05.24"]
[EventType "tourn"]
[EventCountry "POL"]
[SourceTitle "playchess.com"]
[Source "ChessBase"]
[SourceQuality "1"]
[TimeControl "300+2"]

1. e4 c5 2. Nc3 Nc6 3. Bb5 Nd4 4. Nf3 e6 5. O-O a6 6. Bd3 Nc6 {[%emt 0:00:02] B30: Sicilian: 2...Nc6 3 Bb5, lines without ...g6.} 7. Nd5 d6 {[%emt 0:00:17] 7...g6 is the modern continuation.} 8. Ne3 g5 9. c3 h5 10. Bc2 g4 11. Ne1 Bg7 (11... d5 $11 {is more appropriate.}) 12. f3 {[%emt 0:00:25] [#]} Nh6 $146 (12... d5 $11 {remains equal.}) ({Predecessor:} 12... gxf3 13. Nxf3 e5 14. Qe1 h4 15. Bb3 Be6 16. d4 cxd4 17. cxd4 Nxd4 18. Nxd4 exd4 {½-½ Khachiyan,M (2525)-Fier,A (2582) Saint Louis Spring-B 2018 (7)}) 13. fxg4 $16 hxg4 14. Nxg4 Qh4 15. Nxh6 ({Much weaker is} 15. h3 $6 Nxg4 16. Qxg4 Qxg4 17. hxg4 Ne5 $11) (15. Ne3 $16) 15... Qxh6 $14 16. h3 Qh4 17. Qf3 Qe7 18. Qg4 Rg8 {[%emt 0:00:06][%cal Og7d4] [#] Strongly threatening ...Bd4+!} 19. Qh5 {[%emt 0:00:07] Inhibits Bd4+.} Rh8 20. Qg4 Rg8 {[%emt 0:00:01][%cal Og7d4] Threatens to win with ...Bd4+!} 21. Qh5 {[%emt 0:00:06] Wards off Bd4+} Rh8 22. Qg4 Rg8 $1 {[%emt 0:00:15] Weighted Error Value: White=0.27 (precise) /Black=0.16 (very precise)} 1/2-1/2

[Event "Superbet Blitz Poland 2023"]
[Site "Warsaw"]
[Date "2023.05.24"]
[Round "6"]
[White "Wojtaszek, Radoslaw"]
[Black "Giri, Anish"]
[Result "0-1"]
[ECO "D16"]
[WhiteElo "2670"]
[BlackElo "2768"]
[Annotator "TA"]
[PlyCount "98"]
[EventDate "2023.05.24"]
[EventType "tourn"]
[EventCountry "POL"]
[SourceTitle "playchess.com"]
[Source "ChessBase"]
[SourceQuality "1"]
[TimeControl "300+2"]

1. d4 d5 2. c4 c6 3. Nf3 Nf6 4. Nc3 dxc4 5. a4 e6 6. e3 c5 7. Bxc4 cxd4 8. exd4 Nc6 9. O-O Be7 {[%emt 0:00:00] D16: Slav Defence: 5 a4: Lines with 5...Bg4 and 5...Na6.} 10. Bf4 O-O 11. Rc1 Nb4 {[%emt 0:00:13] The position is equal.} 12. Ne5 Bd7 13. Re1 Bc6 14. Nxc6 bxc6 15. Be5 {[%emt 0:00:02] [#]} a5 $146 ({Predecessor:} 15... Bd6 16. Qf3 Rb8 17. Qg3 Nh5 18. Qf3 Nf6 19. b3 Nbd5 20. Ne4 Bxe5 21. dxe5 Nxe4 22. Rxe4 {½-½ Zhou,J (2612)-Yu,R (2516) CHN-chT China 2016 (15.4)}) 16. Qf3 Nd7 17. Rcd1 Nxe5 18. dxe5 Qc7 19. Qg3 Rad8 20. Ne4 Nc2 21. Rf1 Nd4 22. Kh1 (22. b3 $15 {is more appropriate.}) 22... Nf5 $17 23. Qf4 Rxd1 24. Rxd1 Rd8 25. Rxd8+ Qxd8 26. Qd2 {[%emt 0:00:01] Prevents Qd1+.} Qc7 27. f4 h5 28. b3 Bb4 29. Qd3 Qa7 30. g3 (30. h3 $5 ) 30... Qb6 $2 {[%emt 0:00:20] [#]} (30... Be7 $11) 31. Kg2 $2 (31. Bxe6 $1 $18 Qd4 32. Bxf7+ (32. Bxf5 Qxd3 33. Nf6+ {[%mdl 64] Discovered Attack} gxf6 $16) 32... Kxf7 33. Nd6+ Bxd6 34. Qxf5+ Ke7 35. Qg5+ (35. exd6+ Kxd6 36. Qf8+ Kc7 $16) 35... Ke6 36. exd6 (36. Qg6+ Kd7 $16) 36... Qd5+ 37. Kg1 Kxd6 38. Qd8+ (38. Qxg7 Qxb3 39. Qd4+ Kc7 $16) 38... Ke6 39. Qg8+ Kd6 40. Qf8+ (40. Qxg7 Qxb3 41. Qg6+ Kd7 $16) 40... Ke6 41. Qg8+ (41. Qxg7 Qf3 $18) 41... Kd6 42. Qf8+ (42. Qxg7 Qxb3 43. Qd4+ Kc7 $16) 42... Ke6 43. Qxg7) 31... Be7 $11 32. h3 (32. Qd7 $11 {remains equal.} g6 33. Nf6+ Kg7 34. Ne8+ Kh7 35. Nf6+ Kg7 36. Ne8+ Kh7 37. Nf6+ Kg7) 32... Ne3+ (32... h4 $17) 33. Kf3 Nd5 34. Qd2 (34. Nd6 $15) 34... Qg1 $17 35. Qf2 Qh1+ 36. Qg2 Qb1 37. Qf1 Qb2 {[%emt 0:00:08] Black is more active.} 38. Qf2 Qa1 39. h4 g6 40. Ng5 $2 (40. Kg2 $15) 40... Bxg5 41. hxg5 $19 {[%emt 0:00:02][%mdl 4096] Endgame KQB-KQN} Kg7 42. Kg2 (42. Qf1 $142 Qc3+ 43. Qd3) 42... Qc1 {[%emt 0:00:02] [#] ...Ne3+ is the strong threat.} 43. Qe2 Ne3+ 44. Kf3 $2 (44. Kh2) 44... Nf5 {[%emt 0:00:02] Black is clearly winning.} 45. Qd3 {[%emt 0:00:05] Repels Nd4+} (45. Qh2 $142 Nd4+ 46. Kg2) 45... Qg1 46. Qd8 Qe3+ ({Weaker is} 46... Nxg3 47. Bxe6 Qf1+ 48. Kxg3 $11) 47. Kg2 Qxg3+ ({Stronger than} 47... Nxg3 48. Qf6+ Kg8 49. Bxe6 Qe4+ 50. Kxg3 $11) 48. Kf1 Qxf4+ 49. Ke2 Qxe5+ {[%emt 0:00:01] Weighted Error Value: White=0.57/Black=0.22 (precise)} 0-1

[Event "Superbet Blitz Poland 2023"]
[Site "Warsaw"]
[Date "2023.05.24"]
[Round "7"]
[White "Giri, Anish"]
[Black "Carlsen, Magnus"]
[Result "0-1"]
[ECO "B30"]
[WhiteElo "2768"]
[BlackElo "2853"]
[Annotator "TA"]
[PlyCount "96"]
[EventDate "2023.05.24"]
[EventType "tourn"]
[EventCountry "POL"]
[SourceTitle "playchess.com"]
[Source "ChessBase"]
[SourceQuality "1"]
[TimeControl "300+2"]

1. e4 c5 2. Nf3 Nc6 3. Bb5 e5 (3... e6 4. O-O Nge7 5. Re1 a6 6. Bf1 Ng6 7. c3 Be7 8. d4 cxd4 9. cxd4 d5 10. e5 O-O 11. Nc3 Bd7 12. g3 f6 13. exf6 Rxf6 14. Bg5 Rf8 15. Bxe7 Ngxe7 16. Bg2 Nf5 17. Qd2 h6 18. Rad1 {0-1 Giri,A (2764)-Carlsen,M (2859) Meltwater Tour Final rapid 2022 (4.3)}) 4. O-O Bd6 5. d3 Nf6 6. a4 {[%emt 0:00:20] B30: Sicilian: 2...Nc6 3 Bb5, lines without ...g6.} O-O 7. Nc3 h6 {[%emt 0:00:08] [#]} 8. h3 $146 {[%emt 0:00:18] White has an edge.} ({Predecessor:} 8. Be3 Nd4 9. Bc4 Bc7 10. Nd5 Nxd5 11. Bxd5 d6 12. c3 Nxf3+ 13. Qxf3 Be6 14. Bxe6 fxe6 {1-0 Antipov,M (2592)-Ibarra Jerez,J (2570) Chess.com Rapid Wk15 Swiss 2022 (3)}) 8... Re8 9. Bc4 Bf8 10. Nd5 d6 11. c3 Be6 12. Re1 a6 13. Bd2 Rb8 14. b4 cxb4 15. cxb4 Bxd5 (15... b5 $5 16. axb5 axb5 $14) 16. exd5 Ne7 17. a5 Qd7 18. Qb3 Rec8 19. b5 axb5 20. Bxb5 Qd8 21. Rab1 Nf5 (21... Nfxd5 22. Bc4 (22. d4 Nc7 $14) 22... Rc5 23. d4 exd4 24. Nxd4 $16) 22. g4 Ne7 23. Bc4 (23. d4 $5 ) 23... Ng6 24. Qb6 Rc7 25. a6 Nd7 26. Qe3 bxa6 (26... Nf4 $5 ) 27. Ba5 Nc5 28. d4 $16 exd4 29. Nxd4 {[%emt 0:00:02] [#] Nc6 is the strong threat.} Rxb1 (29... Ra8 $16 {was worth a try.} 30. Nc6 (30. Bxc7 Qxc7 31. Bd3 Ne5 $16) 30... Qc8 31. Bxc7 Qxc7) 30. Rxb1 $18 Qe7 31. Bxc7 Qxc7 {[%emt 0:00:01] Black is weak on the light squares} 32. Bf1 a5 33. Qe8 (33. Bg2 $18) 33... a4 (33... Nd7 $16 {was necessary.} 34. Nc6 Nf6) 34. Rb8 Nd7 35. Rc8 Qb6 (35... Qb7 36. Nf5 Nf6) 36. Nf5 $2 (36. Ne6 $18 {and the rest is easy.} Nf6 37. Qxf8+ (37. Qxa4 fxe6 38. dxe6 Ne7 $11) 37... Nxf8 38. Rxf8+ Kh7 39. Bd3+ (39. Rxf7 $2 Qb1 $19) 39... g6 40. Rxf7+ Kh8 41. Rxf6) 36... Nf6 {[%emt 0:00:01] [#]} (36... Nge5 $16) 37. Qxa4 $2 (37. Ne7+ {mates} Kh7 38. Qxf7 (38. Qxa4 Bxe7 39. Bd3 Qb7 $11) 38... Qb1 39. Nxg6 {[%mdl 64] Remove Defender} (39. Rxf8 Ne5 $11) 39... Qxg6 40. Qxf8 Qe4 41. Rc7 Ne8 42. Re7) 37... Qb1 38. Qd4 (38. Nxd6 $142 Qe1 39. Nf5 Nxd5 40. Qd4) 38... Kh7 39. Ra8 Ne5 {[%emt 0:00:01] ...Nf3+ would be deadly.} 40. Ra3 {[%emt 0:00:02] Prevents Nf3+} (40. Rxf8 $2 {perishes.} Nf3+ 41. Kg2 Nxd4 42. Nxd4 Qe4+ 43. Nf3 Nxg4 $19) 40... g6 41. Ng3 Bg7 42. Qa1 Qb7 43. Qa2 Qb6 44. Re3 Qd4 45. Qe2 (45. Ne2 $16 Qc5 46. Nc3) 45... Nxd5 $11 46. Re4 Qc5 47. Bg2 Nc3 {[%emt 0:00:01][%csl LRe2,LRe4][%mdl 1024] Black has compensation. A dynamic duo of knights.} 48. Qa2 Nxa2 {[%emt 0:00:00] An entertaining game by Carlsen.   Weighted Error Value: White=0.60/Black=0.44} 0-1

[Event "Superbet Blitz Poland 2023"]
[Site "Warsaw"]
[Date "2023.05.24"]
[Round "7"]
[White "Aronian, Levon"]
[Black "Wojtaszek, Radoslaw"]
[Result "1/2-1/2"]
[ECO "B59"]
[WhiteElo "2745"]
[BlackElo "2670"]
[Annotator "TA"]
[PlyCount "98"]
[EventDate "2023.05.24"]
[EventType "tourn"]
[EventCountry "POL"]
[SourceTitle "playchess.com"]
[Source "ChessBase"]
[SourceQuality "1"]
[TimeControl "300+2"]

1. e4 c5 2. Nf3 d6 3. Nc3 Nf6 4. Be2 Nc6 5. d4 cxd4 6. Nxd4 e5 7. Nb3 Be7 8. O-O O-O 9. Bf3 Be6 {[%emt 0:00:01] B59: Classical Sicilian: 6 Be2 e5 7 Nb3.} 10. Nd5 Bxd5 11. exd5 Nb8 12. a4 Nbd7 13. a5 a6 14. c4 Rc8 15. Be2 Ne8 {[%emt 0:00:18] [#]} 16. Bd2 $146 ({Predecessor:} 16. Nd2 f5 17. b4 Bf6 18. Ba3 e4 19. Rc1 Be5 20. f4 Bd4+ 21. Kh1 Ba7 22. Nb3 {1-0 Bonatti,W (2255)-Reams,C Massy op 1993 (8)}) 16... Bg5 17. Bc3 f5 18. Nd2 Nef6 19. Ra3 Qe7 20. Qb1 e4 21. Nb3 f4 {[%emt 0:00:15][%cal Of4f3] Strongly threatening ...f3!} 22. Nd4 Ne5 (22... f3 $1 $11 23. gxf3 (23. Nf5 Qe8 $11) 23... Bf4) 23. Ne6 $14 {[%emt 0:01:00] And now Bxe5 would win.} f3 $1 24. Bxf3 (24. Nxg5 fxe2 25. Re1 Nxd5 26. Bxe5 Qxe5 27. Qxe4 Qxe4 28. Nxe4 Rxc4 $15) 24... exf3 25. Bxe5 fxg2 (25... Rxc4 $2 26. Bxf6 (26. Nxg5 Qxe5 27. Nxf3 Qxd5 $11) (26. Rxf3 dxe5 27. Nxg5 e4 $16) 26... Bxf6 27. Nxf8 (27. gxf3 Rfc8 $14) 27... fxg2 28. Qxh7+ (28. Nxh7 gxf1=N 29. Kxf1 Bh4 $15) 28... Kxf8 29. Rb1 $18 (29. Kxg2 Qe5 $18)) 26. Rd1 dxe5 (26... Rxc4 $2 27. Bg3 $18 (27. Nxg5 Qxe5 28. Qd3 Rc5 $17)) 27. Nxg5 {[%emt 0:00:01] aiming for Rg3.} h6 $1 (27... Rxc4 $2 28. d6 Qd7 29. Qa2 $18) 28. Ne6 Rf7 (28... Ng4 $2 29. Rg3 Rxc4 30. Nxf8 (30. Kxg2 Rxf2+ 31. Kh1 Qh4) 30... Qxf8 31. Rxg2 $18) 29. Qg6 {[%emt 0:01:06] Repels Ng4} Rxc4 30. Rg3 {[%emt 0:00:01] Dodges Ng4} Ne4 31. Rg4 {[%emt 0:00:13] Dancing on a razor blade.} (31. Rxg2 $5 Qf6 32. d6 $11) 31... Nd6 $1 (31... Qf6 $2 32. Qxf6 (32. Kxg2 Qf3+ 33. Kg1 Qxd1+ 34. Kg2 Qf3+ 35. Kg1 Rc1#) 32... Rxf6 33. Rxg7+ (33. Rxg2 Rf7 $11) (33. Re1 Nd2 $11) 33... Kh8 34. d6 (34. Rxb7 Nxf2 35. Rd2 Rg4 $11) (34. Rxg2 Rc8 $16) 34... Nxd6 35. Rxd6 $18) 32. Rxg2 {[%emt 0:00:02] Hoping for b3.} Nf5 33. Qh5 {[%emt 0:00:10] [#]} (33. Kh1 $11 {keeps the balance.}) 33... Nh4 (33... Rh4 $1 $17 34. Qe2 Nd4 35. Nxd4 exd4) 34. Rg3 $132 {[%emt 0:00:06][%mdl 2048] White is not keeping still} Qf6 {[%emt 0:00:04] ...Rc2 is the strong threat.} 35. Qe2 {[%emt 0:00:09] Repels Rc2} (35. Kh1 $5 Qf5 36. Rxg7+ (36. Qxh6 Rg4 $11) 36... Rxg7 37. Qe8+ Kh7 38. Nf8+ Kh8 39. Ng6+ {[%mdl 64] Discovered Attack (Double check), Double Attack} Kh7 40. Nf8+ Kh8 41. Ng6+ {[%mdl 64] Discovered Attack (Double check), Double Attack} Kh7 42. Nf8+ $11) 35... Rc8 (35... Rb4 $5 ) 36. Kh1 Nf3 $2 (36... Nf5 $11 {and Black has nothing to worry.} 37. Rf3 Kh7) 37. Qe3 $2 (37. Nxg7 $18 Rxg7 38. Rxf3 (38. Qxf3 Qxf3+ 39. Rxf3 Rd7 $16)) 37... e4 38. Qxe4 $16 {[%emt 0:00:02] Black must now prevent d6.} Re8 39. Qe3 {[%emt 0:00:02] White is more active.} (39. Qd3 $16) 39... Ng5 $1 $11 {[%emt 0:00:01][%cal Rg5e6][%mdl 64] [#] Discovered Attack} 40. Qd4 Nxe6 ({Much less strong is} 40... Qxf2 41. Qxf2 Rxf2 42. Nxg5 hxg5 43. d6 $14) 41. Qxf6 Rxf6 42. dxe6 Rexe6 $15 {[%emt 0:00:01][%mdl 4096] Endgame KRR-KRR} 43. Rd7 Rxf2 {[%emt 0:00:01] ...Re1+ would be deadly.} 44. Rdxg7+ Kf8 45. Rxb7 Re1+ 46. Rg1 Ree2 {[%emt 0:00:01][%csl Ge2,LRb2,LRh2][%cal Rf2h2] The position is equal.} 47. Rg6 Re1+ (47... Rxb2 48. Rxb2 Rxb2 49. Rxh6 Rb1+ 50. Kg2 Rb2+ 51. Kg1 Rb1+ 52. Kf2 Rb2+ 53. Kg3 Rb3+ 54. Kf4 Rb4+ 55. Kg3 Rb3+ 56. Kf4 Rb4+ 57. Kf3 Rb3+ 58. Kg4 Rb4+ 59. Kh3 Rb3+ 60. Kg2 Rb2+ 61. Kg3 Rb3+ $16) 48. Rg1 Ree2 49. Rg6 Re1+ {[%emt 0:00:02] Weighted Error Value: White=0.23 (precise) /Black=0.20 (precise)} ({Resist} 49... Rxb2 50. Rxb2 Rxb2 51. Rxh6 Rb1+ 52. Kg2 Rb2+ 53. Kg1 Rb1+ 54. Kg2 Rb2+ 55. Kg3 Rb3+ 56. Kh4 Rb4+ 57. Kg5 Rb5+ 58. Kf6 $18) 1/2-1/2

[Event "Superbet Blitz Poland 2023"]
[Site "Warsaw"]
[Date "2023.05.24"]
[Round "7"]
[White "Rapport, Richard"]
[Black "Shevchenko, Kirill"]
[Result "0-1"]
[ECO "A45"]
[WhiteElo "2745"]
[BlackElo "2684"]
[Annotator "TA"]
[PlyCount "82"]
[EventDate "2023.05.24"]
[EventType "tourn"]
[EventCountry "POL"]
[SourceTitle "playchess.com"]
[Source "ChessBase"]
[SourceQuality "1"]
[TimeControl "300+2"]

1. d4 Nf6 2. Bg5 Ne4 3. h4 c5 4. dxc5 Na6 5. Nd2 Naxc5 6. Nxe4 {[%emt 0:00:02] A45: Trompowsky Attack.} Nxe4 7. Qd5 Nxg5 (7... h6 $5) 8. hxg5 {[%emt 0:00:02] The position is equal.} e6 9. Qd2 b6 10. O-O-O Bb7 {[%emt 0:00:01] [#]} 11. e3 $146 {[%emt 0:00:56] Black should prevent Bb5.} ({Predecessor:} 11. Nf3 Qc7 12. Nd4 a6 13. Rh3 g6 14. Rc3 Qd8 15. Rd3 d5 16. Kb1 Bg7 17. Qb4 {1-0 Rapport,R (2707)-Kokarev,D (2615) Wch Blitz Riadh 2017 (7)}) 11... Qc7 12. Rh4 Be7 13. Nf3 Bxf3 14. gxf3 Bxg5 15. Rc4 Qd8 16. Rd4 (16. f4 $11 Bf6 17. Qd6) 16... d5 $1 $15 17. Qb4 {[%emt 0:00:04] White threatens Bb5+ and mate.} Qe7 18. Qa4+ Kf8 19. f4 Bf6 20. R4d2 a5 21. a3 (21. Qc6 $15 Rb8 22. f5) 21... g6 $17 22. f5 exf5 (22... gxf5 $19 {White must now prevent ...h5.} 23. c4 dxc4 24. Bxc4 Qb7) 23. Rxd5 Kg7 24. Rd7 Qe5 25. Qb3 Rhf8 26. Bc4 (26. Qxb6 $2 Rab8 27. Qd4 (27. Rb7 $2 Rxb7 28. Qxb7 Rb8 $19 {[%mdl 64] Skewer, Deflection}) 27... Qh2 $19) 26... a4 ({Black should try} 26... f4 $17 27. exf4 (27. Bxf7 Qxb2+ 28. Qxb2 Bxb2+ 29. Kxb2 Rxf7 $17) (27. Qxb6 Rab8 $17) 27... Qxf4+ 28. Kb1 a4) 27. Qa2 ({Better is} 27. Qxb6 $15 Rac8 28. Ba6) 27... Rad8 28. Bxf7 {[%emt 0:00:02] [#]} (28. Rxd8 $17 Rxd8 29. Rxd8 Bxd8 30. Bxf7) 28... Rxd7 (28... Qxb2+ $1 $19 29. Qxb2 Bxb2+ 30. Kxb2 Rxd7 {[%mdl 64] Remove Defender} 31. Rxd7 Rxf7) 29. Rxd7 {[%emt 0:00:01] [#]} Qxb2+ $1 {[%emt 0:00:00][%mdl 576] Deflection} 30. Kd1 {[%emt 0:00:05] aiming for Bg8+.} (30. Qxb2 $2 Bxb2+ 31. Kxb2 Rxf7 $19) (30. Kd2 Kh8) 30... Qxa2 31. Bxa2+ {[%emt 0:00:02][%mdl 4096] Endgame KRB-KRB} Kh6 32. Ke2 Rc8 33. c4 b5 34. Ra7 {[%emt 0:00:10] Loses the game.} (34. Kd3 $15) 34... bxc4 $19 35. Bb1 c3 {[%emt 0:00:03] ...c2 is the strong threat.} 36. Bc2 Rd8 37. Bd3 {[%emt 0:00:01] [#]} Rb8 $1 38. Rxa4 $2 (38. Bc2) 38... Rb2+ 39. Kf3 (39. Ke1 {was forced.} Bd8 40. Ra8) 39... Ra2 $2 (39... Rd2 40. Bb1 c2 41. Bxc2 Rxc2) 40. e4 $2 (40. Rc4) 40... Rd2 ({Worse is} 40... c2 41. Rc4 $17) 41. Ke3 {[%emt 0:00:09] [#]} f4+ $1 {[%emt 0:00:02][%mdl 512] Weighted Error Value: White=0.63/Black=0.27 (precise)} 0-1